 Dungeon Sprint DCSS version 0.17-a0-1324-ga541562 (webtiles) character file.

59665 Kidiri the Imperceptible (level 14, -8/59 HPs)
             Began as a Spriggan Enchanter on June 9, 2015.
             Was the Champion of Dithmenos.
             Killed by an exploding ball lightning (29 damage)
             ... created by the player character
             ... in the Dungeon (Sprint IX: "|||||||||||||||||||||||||||||").
             The game lasted 00:41:58 (7720 turns).

Kidiri the Imperceptible (Spriggan Enchanter)       Turns: 7720, Time: 00:41:58

Health: -8/59      AC:  7    Str:  6    XL:     14   Next: 54%
Magic:  31/37      EV: 36    Int: 19    God:    Dithmenos [******]
Gold:   698        SH:  0    Dex: 19    Spells: 11 memorised, 3 levels left

rFire  + + .     SeeInvis +     G - +7 quick blade
rCold  + + .     Clarity  +     e - +2 robe {rC+}
rNeg   . . .     SustAt   .     (shield restricted)
rPois  .         Gourm    .     (helmet restricted)
rElec  .         Spirit   .     v - +2 cloak
rCorr  .         Warding  .     (gloves unavailable)
rMut   .         NoTele   +     (boots unavailable)
MR     ++...                    (no amulet)
Stlth  ++++++++++               D - ring of protection from fire
                                E - ring of protection from fire

@: wreathed by umbra, very quick, very resistant to hostile enchantments,
uncannily stealthy
A: unfitting armour, horns 1, see invisible, clarity, cold resistance 1,
herbivore 3, speed 3, slow metabolism 2, strong 1, evolution 1
a: Shadow Step, Shadow Form, Renounce Religion


You were in the Dungeon.
You worshipped Dithmenos.
Dithmenos was exalted by your worship.
You were not hungry.

You visited 1 branch You collected 1955 gold pieces.
You spent 1257 gold pieces at shops.

Inventory:

Hand weapons
 a - a +1 dagger
 b - a +3 arbalest
 m - a +2 rapier of venom
 w - a +2 blowgun
 y - a +0 short sword of distortion
 z - a +0 dagger of protection
 G - a +7 quick blade (weapon)
 J - a +0 trident of distortion
Missiles
 x - 6 curare-tipped needles
 K - 114 bolts
Armour
 e - a +2 robe of cold resistance (worn)
 v - a +2 cloak (worn)
 A - a +2 robe of magic resistance
 H - a +0 mottled dragon armour
 I - a +0 swamp dragon armour
 L - a mottled dragon hide
Jewellery
 n - a +3 ring of strength
 o - a +2 ring of evasion
 C - an uncursed ring of ice
 D - a ring of protection from fire (right hand)
 E - a ring of protection from fire (left hand)
 F - an uncursed ring of protection from cold
Scrolls
 j - 3 scrolls of blinking
 k - 2 scrolls of remove curse
 l - 2 scrolls of amnesia
 r - 2 scrolls of enchant armour
 s - a scroll of fear
 t - 2 scrolls of recharging
Potions
 f - 3 potions of heal wounds
 g - a potion of haste
 h - 4 potions of magic
 i - 4 potions of curing
 p - 3 potions of might
 B - 2 potions of agility
Books
 c - a book of Maledictions

   Spells                             Type                      Level
   a - Corona                         Hexes                        1
   b - Ensorcelled Hibernation        Hexes/Ice                    2
   c - Confuse                        Hexes                        3
   d - Tukima's Dance                 Hexes                        3
   e - Dazzling Spray                 Conjuration/Hexes            3
 q - a book of the Sky

   Spells                             Type                      Level
   a - Summon Lightning Spire         Summoning/Air                4
   b - Airstrike                      Air                          4
   c - Silence                        Hexes/Air                    5
   d - Deflect Missiles               Charms/Air                   6
   e - Conjure Ball Lightning         Conjuration/Air              6
   f - Tornado                        Air                          9
Comestibles
 d - 13 bread rations
 u - 31 fruits


   Skills:
 * Level 16.9 Short Blades
 + Level 5.3 Armour
 * Level 20.9 Dodging
 * Level 22.5 Stealth
 * Level 18.2 Spellcasting
 + Level 8.7 Conjurations
 + Level 14.0 Hexes
 + Level 11.0 Charms
 + Level 8.3 Summonings
 + Level 9.6 Ice Magic
 + Level 9.0 Air Magic
 + Level 11.1 Invocations


You had 3 spell levels left.
You knew the following spells:

 Your Spells              Type           Power        Failure   Level  Hunger
a - Corona                Hex            ######.      0%          1    None
b - Ensorcelled Hibernat  Hex/Ice        ######       1%          2    None
c - Confuse               Hex            ######..     1%          3    None
d - Tukima's Dance        Hex            ######..     1%          3    None
e - Dazzling Spray        Conj/Hex       ######..     1%          3    None
f - Silence               Hex/Air        ######....   1%          5    ##.....
g - Airstrike             Air            ######....   1%          4    None
h - Summon Lightning Spi  Summ/Air       ######..     1%          4    None
i - Conjure Ball Lightni  Conj/Air       ######....   17%         6    #####..
j - Deflect Missiles      Chrm/Air       ######....   10%         6    #####..
k - Tornado               Air            ######....   100%        9    #######


Dungeon Overview and Level Annotations

Branches:
Dungeon (1/1)

Altars:
Cheibriados
Dithmenos
Elyvilon
Fedhas
Gozag
Kikubaaqudgha
Makhleb
Nemelex Xobeh
Okawaru
Qazlal
Ru
Sif Muna
Trog
Vehumet
Xom
Yredelemnul
Zin
The Shining One
Beogh
Jiyva
Lugonu

Shops:
D ([!!

Annotations:
D Margery


Innate Abilities, Weirdness & Mutations

You are tiny and cannot use many weapons and most armour.
You have supernaturally acute eyesight.
You are a herbivore.
You cover ground extremely quickly.
You need consume almost no food.
You have a pair of small horns on your head.
You possess an exceptional clarity of mind.
Your flesh is cold resistant.
Your muscles are strong. (Str +2)
You evolve.


Message History

w - Wait here. f - Follow me.
Anything else - Stay silent.
Gang up on whom?
Press: ? - help, Dir - move target cursor, f - Margery
Aim: Margery, wielding an enchanted demon whip and wearing a runed fire dragon armour (umbra) Attack!
Your ball lightning explodes!
The blast of lightning engulfs Margery.
Margery is lightly wounded.
The blast of lightning engulfs you!
Ouch! That really hurt!
You emit a cloud of dark smoke.
You hear a shout!
You swap places.
You swap places.
Your ball lightning explodes!
The blast of lightning engulfs your ball lightning.
Your ball lightning completely resists.
The blast of lightning engulfs you!
You die...

▓.▓.▓.▓'▓.▓.▓.▓)▓.
▓.▓.▓.▓.▓.▓.▓.▓.▓.
▓.▓.▓.▓.▓.▓.▓.▓.▓.
▓.▓.▓.▓.▓.▓÷▓.▓∩▓.
▓.▓.▓.▓.▓.▓)▓.▓.▓.
▓.▓.▓.▓.▓.▓.▓.▓∩▓.
▓.▓)▓.▓.▓.▓.▓.▓.▓.
▓.▓[▓.▓%▓.▓)▓.▓∩▓.
▓@▓.▓%▓)▓.▓÷▓.▓.▓.
▓*▓.▓.▓)▓.▓.▓.▓∩▓.
▓§▓)▓.▓'▓.▓.▓.▓)▓.
▓§▓.▓.♣.♣.▓)▓.▓)▓.
▓§▓.▓.♣.♣.▓)▓.▓)▓.
▓.▓.▓.♣.♣.▓'▓.▓)▓.
▓.▓.▓.♣.♣.▓)▓.▓)▓.
▓@▓.▓.♣.♣.▓.▓.▓)▓.
▓.▓(▓.♣.♣.▓.▓.▓.▓.


You could see a friendly ball lightning.

Vanquished Creatures
  Agnes (D)
  A tengu reaver (D)
  A greater naga (D)
  2 fire giants (D)
  2 vault wardens (D)
  A ghost moth (D)
  A very ugly thing (D)
  2 stone giants (D)
  A merfolk impaler (D)
  An ettin (D)
  3 yaktaur captains (D)
  3 entropy weavers (D)
  2 great orbs of eyes (D)
  2 rakshasas (D)
  4 fire dragons (D)
  An alligator (D)
  2 ogre magi (D)
  A deep troll shaman (D)
  A centaur warrior (D)
  A shock serpent (D)
  An orc high priest (D)
  A naga sharpshooter (D)
  A deep troll earth mage (D)
  Sonja (D)
  2 hell knights (D)
  A fire crab (D)
  A flayed ghost (D)
  A salamander mystic (D)
  A sea snake (D)
  A hill giant (D)
  A naga ritualist (D)
  2 necromancers (D)
  An ironbrand convoker (D)
  7 orc knights (D)
  2 ugly things (D)
  A griffon (D)
  6 orc sorcerers (D)
  2 sirens (D)
  2 wolf spiders (D)
  4 cyclopes (D)
  6 black mambas (D)
  2 manticores (D)
  A vault sentinel (D)
  A gargoyle (D)
  4 yaktaurs (D)
  An efreet (D)
  4 spiny frogs (D)
  2 komodo dragons (D)
  2 demonic crawlers (D)
  A wind drake (D)
  2 blink frogs (D)
  5 polar bears (D)
  A two-headed ogre (D)
  A bog body (D)
  2 slime creatures (D)
  A troll (D)
  A boulder beetle (D)
  2 redbacks (D)
  A snapping turtle (D)
  A wyvern (D)
  A spriggan (D)
  A water elemental (D)
  2 tarantellas (D)
  A yak (D)
  Grum (D)
  3 vampire mosquitoes (D)
  A wraith (D)
  A steam dragon (D)
  A soldier ant (D)
  3 wolves (D)
  A mottled dragon (D)
  2 water moccasins (D)
  A swamp drake (D)
  A sky beast (D)
  3 black bears (D)
  2 porcupines (D)
  12 orc warriors (D)
  A wasp (D)
  3 crocodiles (D)
  4 giant frogs (D)
  A scorpion (D)
  A jelly (D)
  A hound (D)
  6 orc wizards (D)
  An orc priest (D)
  A worker ant (D)
  6 orcs (D)
  4 hobgoblins (D)
  A goblin (D)
  3 rats (D)
  A plant (D)
184 creatures vanquished.

Vanquished Creatures (others)
  A ball lightning (D)
  A swamp drake (D)
  A plant (D)
3 creatures vanquished.

Grand Total: 187 creatures vanquished

Notes
Turn   | Place    | Note
--------------------------------------------------------------
     0 | D        | Kidiri the Spriggan Enchanter began the quest for the Orb.
     0 | D        | Reached XP level 1. HP: 9/9 MP: 5/5
   158 | D        | Noticed a scorpion
   158 | D        | Noticed a hound
   158 | D        | Noticed a worker ant
   171 | D        | Killed a worker ant
   171 | D        | Reached skill level 5 in Dodging
   171 | D        | Reached skill level 6 in Stealth
   171 | D        | Reached XP level 2. HP: 2/13 MP: 4/8
   171 | D        | Reached XP level 3. HP: 2/16 MP: 4/9
   179 | D        | Killed a hound
   179 | D        | Reached skill level 7 in Stealth
   186 | D        | Killed a scorpion
   186 | D        | Reached skill level 5 in Spellcasting
   186 | D        | Reached skill level 5 in Hexes
   186 | D        | Reached XP level 4. HP: 2/21 MP: 5/12
   203 | D        | Found a glowing silver altar of Zin.
   203 | D        | Found a glowing golden altar of the Shining One.
   203 | D        | Found an ancient bone altar of Kikubaaqudgha.
   203 | D        | Found a basalt altar of Yredelemnul.
   203 | D        | Found a shimmering altar of Xom.
   203 | D        | Found a radiant altar of Vehumet.
   204 | D        | Found an iron altar of Okawaru.
   205 | D        | Found a burning altar of Makhleb.
   206 | D        | Found a deep blue altar of Sif Muna.
   207 | D        | Found a bloodstained altar of Trog.
   208 | D        | Found a sparkling altar of Nemelex Xobeh.
   209 | D        | Found a white marble altar of Elyvilon.
   210 | D        | Found a roughly hewn altar of Beogh.
   211 | D        | Found a viscous altar of Jiyva.
   212 | D        | Found a corrupted altar of Lugonu.
   213 | D        | Found a blossoming altar of Fedhas.
   214 | D        | Found a snail-covered altar of Cheibriados.
   215 | D        | Found a shadowy altar of Dithmenos.
   216 | D        | Found a stormy altar of Qazlal.
   217 | D        | Found an opulent altar of Gozag.
   218 | D        | Found a sacrificial altar of Ru.
   223 | D        | Became a worshipper of Dithmenos the Shadowed
   553 | D        | Noticed a troll
   553 | D        | Noticed a hill giant
   553 | D        | Noticed a yak
   553 | D        | Noticed a sky beast
   553 | D        | Noticed a jelly
   558 | D        | Learned a level 2 spell: Ensorcelled Hibernation
   612 | D        | Learned a level 3 spell: Confuse
   616 | D        | Learned a level 3 spell: Tukima's Dance
   620 | D        | Learned a level 3 spell: Dazzling Spray
   651 | D        | Killed a jelly
   651 | D        | Reached skill level 5 in Short Blades
   651 | D        | Reached skill level 8 in Stealth
   651 | D        | Reached XP level 5. HP: 9/24 MP: 10/14
   685 | D        | Killed a sky beast
   685 | D        | Reached skill level 9 in Stealth
   685 | D        | Reached skill level 1 in Conjurations
   685 | D        | Reached skill level 1 in Ice Magic
   685 | D        | Reached skill level 1 in Invocations
   985 | D        | Killed a yak
   985 | D        | Reached skill level 10 in Stealth
   985 | D        | Reached XP level 6. HP: 28/28 MP: 15/17
   994 | D        | Killed a hill giant
   994 | D        | Reached skill level 10 in Dodging
   994 | D        | Reached skill level 11 in Stealth
   994 | D        | Reached XP level 7. HP: 6/32 MP: 11/20
  1266 | D        | Killed a troll
  1266 | D        | Reached skill level 12 in Stealth
  1266 | D        | Reached XP level 8. HP: 36/36 MP: 19/22
  1302 | D        | Noticed a giant frog
  1302 | D        | Noticed a komodo dragon
  1302 | D        | Noticed an orc wizard
  1302 | D        | Noticed a soldier ant
  1302 | D        | Noticed a cyclops
  1302 | D        | Noticed a steam dragon
  1308 | D        | Killed a steam dragon
  1308 | D        | Acquired Dithmenos's first power
  1313 | D        | Killed a cyclops
  1313 | D        | Reached skill level 10 in Spellcasting
  1317 | D        | Killed a soldier ant
  1317 | D        | Reached skill level 13 in Stealth
  1321 | D        | Killed an orc wizard
  1321 | D        | Acquired Dithmenos's second power
  1325 | D        | Killed a komodo dragon
  1325 | D        | Reached skill level 5 in Invocations
  1330 | D        | Killed a giant frog
  1330 | D        | Reached XP level 9. HP: 39/39 MP: 7/24
  1524 | D        | Learned a level 5 spell: Silence
  1529 | D        | Learned a level 4 spell: Airstrike
  1534 | D        | Learned a level 4 spell: Summon Lightning Spire
  1552 | D        | Noticed a komodo dragon
  1552 | D        | Noticed a spiny frog
  1552 | D        | Noticed a water moccasin
  1552 | D        | Noticed a porcupine
  1552 | D        | Noticed a giant frog
  1552 | D        | Noticed a spiny frog
  1553 | D        | Noticed a spiny frog
  1554 | D        | Killed a spiny frog
  1555 | D        | Noticed a water moccasin
  1556 | D        | Killed a giant frog
  1556 | D        | Reached skill level 1 in Summonings
  1556 | D        | Reached skill level 1 in Air Magic
  1557 | D        | Noticed a giant frog
  1558 | D        | Killed a porcupine
  1560 | D        | Killed a water moccasin
  1560 | D        | Acquired Dithmenos's third power
  1562 | D        | Killed a spiny frog
  1562 | D        | Reached skill level 10 in Short Blades
  1562 | D        | Reached skill level 14 in Stealth
  1567 | D        | Killed a komodo dragon
  1570 | D        | Killed a spiny frog
  1572 | D        | Killed a water moccasin
  1574 | D        | Killed a giant frog
  1659 | D        | Noticed a porcupine
  1659 | D        | Noticed a black mamba
  1659 | D        | Noticed a blink frog
  1659 | D        | Noticed a black mamba
  1659 | D        | Noticed a crocodile
  1659 | D        | Noticed a blink frog
  1660 | D        | Noticed a fire crab
  1661 | D        | Killed a blink frog
  1661 | D        | Reached skill level 5 in Ice Magic
  1662 | D        | Noticed a giant frog
  1663 | D        | Killed a crocodile
  1663 | D        | Acquired Dithmenos's fourth power
  1664 | D        | Noticed a crocodile
  1665 | D        | Killed a black mamba
  1665 | D        | Reached XP level 10. HP: 44/44 MP: 26/26
  1667 | D        | Killed a blink frog
  1667 | D        | Reached skill level 15 in Stealth
  1669 | D        | Killed a black mamba
  1671 | D        | Killed a porcupine
  1673 | D        | Killed a fire crab
  1683 | D        | Killed a giant frog
  1683 | D        | Reached skill level 5 in Conjurations
  1690 | D        | Killed a crocodile
  1710 | D        | Learned a level 6 spell: Conjure Ball Lightning
  1860 | D        | Noticed a polar bear
  1860 | D        | Noticed a polar bear
  1860 | D        | Noticed a black bear
  1860 | D        | Noticed a black bear
  1860 | D        | Noticed a black bear
  1860 | D        | Noticed a polar bear
  1861 | D        | Noticed a polar bear
  1864 | D        | Killed a black bear
  1865 | D        | Noticed a polar bear
  1866 | D        | Killed a polar bear
  1868 | D        | Killed a black bear
  1873 | D        | Killed a polar bear
  1879 | D        | Killed a polar bear
  1884 | D        | Killed a black bear
  1891 | D        | Killed a polar bear
  1907 | D        | Killed a polar bear
  2030 | D        | Noticed Sonja
  2032 | D        | Noticed a wolf
  2032 | D        | Killed Sonja
  2032 | D        | Reached skill level 16 in Stealth
  2032 | D        | Reached skill level 10 in Hexes
  2034 | D        | Noticed a wolf
  2036 | D        | Noticed Grum
  2037 | D        | Killed a wolf
  2040 | D        | Noticed a wolf
  2041 | D        | Killed a wolf
  2045 | D        | Killed Grum
  2047 | D        | Killed a wolf
  2153 | D        | Noticed an orc wizard
  2153 | D        | Noticed an orc wizard
  2153 | D        | Noticed an orc wizard
  2155 | D        | Killed an orc wizard
  2156 | D        | Noticed an orc warrior
  2157 | D        | Killed an orc wizard
  2157 | D        | Reached XP level 11. HP: 47/47 MP: 28/28
  2158 | D        | Noticed an orc knight
  2167 | D        | Killed an orc wizard
  2172 | D        | Noticed an orc wizard
  2175 | D        | Noticed an orc warrior
  2176 | D        | Noticed an orc knight
  2176 | D        | Killed an orc knight
  2176 | D        | Reached skill level 15 in Dodging
  2179 | D        | Noticed an orc wizard
  2184 | D        | Killed an orc warrior
  2198 | D        | Killed an orc warrior
  2200 | D        | Killed an orc knight
  2208 | D        | Killed an orc wizard
  2213 | D        | Killed an orc wizard
  2319 | D        | Noticed an orc warrior
  2319 | D        | Noticed an orc warrior
  2319 | D        | Noticed an orc warrior
  2319 | D        | Noticed an orc warrior
  2319 | D        | Noticed an orc warrior
  2319 | D        | Noticed an orc warrior
  2320 | D        | Noticed an orc knight
  2321 | D        | Killed an orc warrior
  2322 | D        | Noticed an orc warrior
  2323 | D        | Killed an orc warrior
  2325 | D        | Noticed an orc warrior
  2326 | D        | Killed an orc warrior
  2327 | D        | Noticed an orc priest
  2328 | D        | Killed an orc warrior
  2329 | D        | Killed an orc priest
  2331 | D        | Noticed an orc warrior
  2332 | D        | Killed an orc knight
  2334 | D        | Killed an orc warrior
  2336 | D        | Noticed an orc warrior
  2337 | D        | Killed an orc warrior
  2340 | D        | Killed an orc warrior
  2342 | D        | Killed an orc warrior
  2354 | D        | Killed an orc warrior
  2357 | D        | Killed an orc warrior
  2357 | D        | Reached skill level 17 in Stealth
  2457 | D        | Found Elanesso's Distillery.
  2457 | D        | Noticed an orc knight
  2457 | D        | Noticed an orc knight
  2457 | D        | Noticed an orc sorcerer
  2457 | D        | Noticed an orc sorcerer
  2458 | D        | Noticed an orc knight
  2462 | D        | Noticed an orc sorcerer
  2467 | D        | Killed an orc sorcerer
  2469 | D        | Found Dutamey's Distillery.
  2470 | D        | Killed an orc sorcerer
  2472 | D        | Noticed an orc sorcerer
  2473 | D        | Killed an orc knight
  2473 | D        | Reached skill level 5 in Air Magic
  2474 | D        | Found Jyefug's Armour Boutique.
  2482 | D        | Noticed an orc sorcerer
  2485 | D        | Killed an orc knight
  2488 | D        | Killed an orc knight
  2652 | D        | Killed an orc sorcerer
  2655 | D        | Killed an orc sorcerer
  2655 | D        | Reached skill level 5 in Summonings
  2663 | D        | Learned a level 6 spell: Deflect Missiles
  2709 | D        | Noticed a soul eater
  2724 | D        | Killed an orc sorcerer
  2781 | D        | Noticed an orc knight
  2788 | D        | Killed an orc knight
  2788 | D        | Reached skill level 1 in Charms
  2800 | D        | Found Egasulao's Antique Weapon Shop.
  2802 | D        | Bought a potion of mutation for 32 gold pieces
  2802 | D        | Bought a potion of beneficial mutation for 455 gold pieces
  2802 | D        | Gained mutation: You possess an exceptional clarity of mind. [potion of beneficial mutation]
  2803 | D        | Gained mutation: You have a pair of small horns on your head. [potion of mutation]
  2803 | D        | Gained mutation: You are frail (-10% HP). [potion of mutation]
  2803 | D        | Gained mutation: Your flesh is cold resistant. [potion of mutation]
  2844 | D        | Noticed an orc sorcerer
  2845 | D        | Bought 2 potions of beneficial mutation for 770 gold pieces
  2845 | D        | Gained mutation: Your muscles are strong. (Str +2) [potion of beneficial mutation]
  2846 | D        | Gained mutation: You evolve. [potion of beneficial mutation]
  2848 | D        | Noticed an orc high priest
  2853 | D        | Killed an orc sorcerer
  2857 | D        | Killed an orc high priest
  2857 | D        | Reached skill level 18 in Stealth
  3092 | D        | Lost mutation: You are frail (-10% HP). [evolution]
  3127 | D        | Noticed a two-headed ogre
  3127 | D        | Noticed a wyvern
  3127 | D        | Noticed a crocodile
  3127 | D        | Noticed a slime creature
  3127 | D        | Noticed a gargoyle
  3127 | D        | Noticed an efreet
  3128 | D        | Noticed a griffon
  3129 | D        | Killed an efreet
  3130 | D        | Noticed a green ugly thing
  3131 | D        | Killed a gargoyle
  3131 | D        | Reached XP level 12. HP: 51/51 MP: 31/31
  3132 | D        | Noticed a yaktaur
  3133 | D        | Killed a slime creature
  3134 | D        | Noticed a fire dragon
  3135 | D        | Killed a crocodile
  3136 | D        | Noticed a red very ugly thing
  3137 | D        | Killed a wyvern
  3138 | D        | Noticed a rakshasa
  3139 | D        | Killed a two-headed ogre
  3140 | D        | Noticed a rakshasa
  3141 | D        | Killed a griffon
  3142 | D        | Noticed an ogre mage
  3143 | D        | Killed a green ugly thing
  3144 | D        | Noticed a stone giant
  3145 | D        | Killed a yaktaur
  3147 | D        | Killed a fire dragon
  3159 | D        | Killed a red very ugly thing
  3302 | D        | Killed a rakshasa
  3507 | D        | Killed a rakshasa
  3524 | D        | Killed a rakshasa
  3524 | D        | Reached skill level 15 in Spellcasting
  3684 | D        | Killed a stone giant
  3684 | D        | Reached skill level 1 in Armour
  3684 | D        | Reached skill level 5 in Charms
  3699 | D        | Killed an ogre mage
  3699 | D        | Reached skill level 19 in Stealth
  3845 | D        | Noticed a tarantella
  3845 | D        | Noticed an entropy weaver
  3845 | D        | Noticed a ghost moth
  3845 | D        | Noticed a redback
  3845 | D        | Noticed a wolf spider
  3845 | D        | Noticed a redback
  3846 | D        | Noticed a tarantella
  3849 | D        | Killed a redback
  3876 | D        | Killed a wolf spider
  3888 | D        | Killed a redback
  4012 | D        | Killed a ghost moth
  4213 | D        | Killed an entropy weaver
  4266 | D        | Killed a tarantella
  4282 | D        | Noticed a demonic crawler
  4282 | D        | Noticed a demonic crawler
  4283 | D        | Killed a tarantella
  4285 | D        | Killed a demonic crawler
  4287 | D        | Killed a demonic crawler
  4304 | D        | Noticed a black mamba
  4304 | D        | Noticed a naga ritualist
  4304 | D        | Noticed a greater naga
  4304 | D        | Noticed a black mamba
  4304 | D        | Noticed a black mamba
  4304 | D        | Noticed a naga sharpshooter
  4305 | D        | Noticed a shock serpent
  4306 | D        | Killed a naga sharpshooter
  4307 | D        | Noticed a salamander mystic
  4308 | D        | Killed a black mamba
  4309 | D        | Noticed a black mamba
  4310 | D        | Killed a black mamba
  4312 | D        | Killed a greater naga
  4312 | D        | Reached XP level 13. HP: 55/55 MP: 33/33
  4314 | D        | Killed a naga ritualist
  4316 | D        | Killed a black mamba
  4318 | D        | Killed a shock serpent
  4387 | D        | Killed a salamander mystic
  4395 | D        | Killed a black mamba
  4395 | D        | Reached skill level 20 in Stealth
  4556 | D        | Noticed a spiny frog
  4556 | D        | Noticed an alligator
  4556 | D        | Noticed a swamp drake
  4556 | D        | Noticed a spriggan rider
  4557 | D        | Noticed a bog body
  4581 | D        | Killed a spriggan
  4587 | D        | Noticed a swamp drake
  4591 | D        | Noticed a vampire mosquito
  4598 | D        | Killed an alligator
  4600 | D        | Killed a swamp drake
  4602 | D        | Killed a wasp
  4605 | D        | Killed a spiny frog
  4610 | D        | Killed a bog body
  4614 | D        | Killed a swamp drake
  4634 | D        | Killed a vampire mosquito
  4755 | D        | Noticed a manticore
  4755 | D        | Noticed a sea snake
  4755 | D        | Noticed a manticore
  4755 | D        | Noticed a water elemental
  4755 | D        | Noticed a siren
  4755 | D        | Noticed a snapping turtle
  4756 | D        | Noticed a merfolk impaler
  4757 | D        | Killed a snapping turtle
  4757 | D        | Reached skill level 15 in Short Blades
  4758 | D        | Noticed a siren
  4759 | D        | Killed a siren
  4760 | D        | Noticed a wind drake
  4761 | D        | Killed a water elemental
  4765 | D        | Killed a manticore
  4767 | D        | Killed a sea snake
  5035 | D        | Killed a manticore
  5044 | D        | Killed a siren
  5076 | D        | Killed a wind drake
  5089 | D        | Killed a merfolk impaler
  5159 | D        | Noticed Agnes
  5161 | D        | Killed Agnes
  5225 | D        | Noticed an entropy weaver
  5225 | D        | Noticed an ettin
  5225 | D        | Noticed a centaur warrior
  5225 | D        | Noticed a yaktaur captain
  5225 | D        | Noticed a fire dragon
  5225 | D        | Noticed a deep troll shaman
  5227 | D        | Noticed a deep troll earth mage
  5228 | D        | Killed a deep troll shaman
  5228 | D        | Reached skill level 10 in Invocations
  5230 | D        | Killed a fire dragon
  5232 | D        | Noticed a fire giant
  5234 | D        | Noticed an entropy weaver
  5234 | D        | Killed a yaktaur captain
  5235 | D        | Noticed a fire dragon
  5237 | D        | Killed a centaur warrior
  5239 | D        | Killed an ettin
  5241 | D        | Noticed a stone giant
  5242 | D        | Killed an entropy weaver
  5429 | D        | Killed a deep troll earth mage
  5429 | D        | Reached skill level 21 in Stealth
  6009 | D        | Killed a fire giant
  6063 | D        | Killed an entropy weaver
  6251 | D        | Killed a fire dragon
  6253 | D        | Noticed a fire giant
  6295 | D        | Learned a level 9 spell: Tornado
  6305 | D        | Noticed a brown ugly thing
  6314 | D        | Killed a fire giant
  6317 | D        | Killed a brown ugly thing
  6409 | D        | Killed a stone giant
  6409 | D        | Reached XP level 14. HP: 19/59 MP: 25/36
  6650 | D        | Noticed a great orb of eyes
  6683 | D        | Killed a great orb of eyes
  6723 | D        | Noticed a fire dragon
  6725 | D        | Noticed a yaktaur
  6725 | D        | Noticed a slime creature
  6725 | D        | Noticed a yaktaur
  6726 | D        | Killed a fire dragon
  6728 | D        | Killed a yaktaur
  6730 | D        | Killed a slime creature
  6732 | D        | Killed a yaktaur
  6746 | D        | Noticed a wolf spider
  6746 | D        | Noticed a cyclops
  6746 | D        | Noticed a cyclops
  6746 | D        | Noticed a yaktaur captain
  6746 | D        | Noticed a vampire mosquito
  6746 | D        | Noticed a vault warden
  6747 | D        | Noticed a vampire mosquito
  6748 | D        | Killed a vault warden
  6757 | D        | Killed a vampire mosquito
  6766 | D        | Noticed a vault sentinel
  6768 | D        | Killed a yaktaur captain
  6770 | D        | Noticed a cyclops
  6771 | D        | Killed a cyclops
  6774 | D        | Killed a cyclops
  6774 | D        | Reached skill level 10 in Charms
  6776 | D        | Noticed a vault warden
  6776 | D        | Noticed a mottled dragon
  6776 | D        | Noticed a wraith
  6781 | D        | Noticed a tengu reaver
  6791 | D        | Killed a wolf spider
  6831 | D        | Killed a vampire mosquito
  6882 | D        | Killed a vault sentinel
  7061 | D        | Killed a vault warden
  7061 | D        | Reached skill level 22 in Stealth
  7071 | D        | Killed a cyclops
  7073 | D        | Noticed a yaktaur captain
  7080 | D        | Killed a mottled dragon
  7085 | D        | Killed a tengu reaver
  7085 | D        | Reached skill level 5 in Armour
  7093 | D        | Killed a yaktaur captain
  7118 | D        | Noticed a great orb of eyes
  7163 | D        | Killed a great orb of eyes
  7176 | D        | Noticed a necromancer
  7182 | D        | Noticed a flayed ghost
  7183 | D        | Killed a wraith
  7190 | D        | Killed a necromancer
  7193 | D        | Killed a flayed ghost
  7198 | D        | Noticed a yaktaur
  7205 | D        | Noticed an ogre mage
  7207 | D        | Killed a yaktaur
  7209 | D        | Noticed an ironbrand convoker
  7212 | D        | Noticed a boulder beetle
  7212 | D        | Killed an ogre mage
  7215 | D        | Killed an ironbrand convoker
  7278 | D        | Killed a boulder beetle
  7443 | D        | Noticed a necromancer
  7444 | D        | Noticed Margery
  7444 | D        | Noticed a hell knight
  7444 | D        | Noticed a hell knight
  7444 | D        | Noticed a hell knight
  7445 | D        | Killed a necromancer
  7595 | D        | Killed a hell knight
  7599 | D        | Killed a hell knight
  7720 | D        | Killed by an exploding ball lightning

Vault maps used:
D:        linesprint

Action                   |  1- 3 |  4- 6 |  7- 9 | 10-12 | 13-15 || total
-------------------------+-------+-------+-------+-------+-------++-------
Melee: Dagger            |    43 |       |       |     4 |       ||    47
       Rapier            |       |    24 |    32 |   169 |       ||   225
       Quick blade       |       |       |       |   194 |   214 ||   408
 Cast: Corona            |     2 |       |       |     5 |     5 ||    12
       Ensorcelled Hiber |       |     7 |    13 |    51 |   100 ||   171
       Confuse           |       |       |       |    12 |    21 ||    33
       Airstrike         |       |       |       |     8 |     2 ||    10
       Summon Lightning  |       |       |       |     3 |       ||     3
       Conjure Ball Ligh |       |       |       |       |     1 ||     1
Invok: Shadow Step       |       |       |       |     2 |     5 ||     7
  Use: Potion            |     2 |       |       |     8 |     5 ||    15
       Scroll            |       |       |     1 |     8 |       ||     9
 Stab: Sleeping          |     1 |     3 |    17 |    57 |    44 ||   122
       Confused          |       |       |       |    12 |    16 ||    28
       Distracted        |       |       |       |     1 |       ||     1
  Eat: Fruit             |       |       |       |     9 |       ||     9
